 Dungeon Crawl Stone Soup version 0.26.1-11-gd32895ea62 (webtiles) character file.

Game seed: 16149324287125847351

20 kodamatunes15 the Ruffian (level 2, 0/24 HPs)
             Began as a Ghoul Gladiator on May 5, 2021.
             Slain by a hobgoblin
             ... wielding a +0 club
              (2 damage)
             ... on level 1 of the Dungeon.
             The game lasted 00:03:28 (418 turns).

kodamatunes15 the Ruffian (Ghoul Gladiator)          Turns: 418, Time: 00:03:28

Health: 0/24       AC:  4    Str: 17    XL:     2   Next: 79%
Magic:  1/1        EV: 12    Int:  3    God:
Gold:   52         SH:  0    Dex: 10    Spells: 1/1 levels left

rFire    . . .     SeeInvis .   f - +0 short sword
rCold    + . .     Faith    .   (no shield)
rNeg     + + +     Spirit   .   a - +0 leather armour
rPois    ∞         Reflect  .   b - +0 helmet
rElec    .         Harm     .   (no cloak)
rCorr    .         Rampage  .   (no gloves)
Will     .....                  (no boots)
Stlth    +.........             (no amulet)
HPRegen  0.00/turn              (no ring)
MPRegen  0.07/turn              (no ring)

@: no status effects
A: claws 1, cold resistance 1, negative energy resistance 3, inhibited
regeneration, torment resistance, unbreathing
a: no special abilities


You were on level 1 of the Dungeon.
You visited 1 branch of the dungeon, and saw 1 of its levels.

You collected 52 gold pieces.

Inventory:

Hand Weapons
 f - a +0 short sword (weapon)
Missiles
 c - 3 throwing nets (quivered)
 e - 11 poisoned darts
Armour
 a - a +0 leather armour (worn)
 b - a +0 helmet (worn)
Jewellery
 d - a cursed ring of willpower {unknown}
Potions
 g - a potion of lignification {unknown}
 h - a potion of invisibility {unknown}
 i - a potion of curing {unknown}
 j - a potion of heal wounds {unknown}
 k - a potion of degeneration {unknown}
 l - 2 potions of might {unknown}


   Skills:
 + Level 2.2 Fighting
 + Level 1.9 Throwing
 + Level 0.6 Armour
 + Level 3.1 Dodging
 + Level 3.6 Unarmed Combat


You had one spell level left.
You didn't know any spells.
Your spell library was empty.

Dungeon Overview and Level Annotations

Branches:
Dungeon (1/15)

Altars:


Innate Abilities, Weirdness & Mutations

You thrive by killing the living.
You are immune to poison.
You have sharp fingernails.
Your flesh is cold resistant. (rC+)
You are immune to negative energy. (rN+++)
You do not regenerate when monsters are visible.
You are immune to unholy pain and torment.
You can survive without breathing.


Message History

You hit the hobgoblin.
The hobgoblin is heavily wounded.
The hobgoblin completely misses you.
The hobgoblin hits you but does no damage.
The rat closely misses you.
You hit the rat.
You kill the rat!
You feel better. The hobgoblin closely misses you. x2
You hit the hobgoblin but do no damage.
The hobgoblin is heavily wounded.
The hobgoblin hits you but does no damage.
The hobgoblin closely misses you.
You closely miss the hobgoblin.
The hobgoblin is heavily wounded.
The hobgoblin closely misses you. The hobgoblin hits you with a +0 club.
* * * LOW HITPOINT WARNING * * *
You hit the hobgoblin.
You kill the hobgoblin!
You feel better. The hobgoblin hits you with a +0 club.
You die...

............)........#
..........#.)........#
..........#..........#
..........##...#######
.........#####.#
..#........ #.#
#####....... #.## #
###.....##..######
##....#...@g...#
#....#...)†...#
#.............#
...#........#
....#........# ###
#........# #........#
#........#


You could see a hobgoblin.

Vanquished Creatures
  A leopard gecko (D:1)
  6 hobgoblins (D:1)
  5 kobolds (D:1)
  A ball python (D:1)
  A bat (D:1)
  4 frilled lizards (D:1)
  3 rats (D:1)
21 creatures vanquished.

Vanquished Creatures (others)
  4 toadstools (D:1)
4 creatures vanquished.

Grand Total: 25 creatures vanquished

Notes
Turn   | Place    | Note
-------+----------+-------------------------------------------
     0 | D:1      | kodamatunes15 the Ghoul Gladiator began the quest for the
                  | Orb.
     0 | D:1      | Reached XP level 1. HP: 17/17 MP: 0/0
    54 | D:1      | Reached XP level 2. HP: 21/24 MP: 1/1
   417 | D:1      | HP: 1/24 [hobgoblin/+0 club (3)]
   418 | D:1      | Slain by a hobgoblin

Illustrated notes

Levels and vault maps discovered:
D:1:      ldierk_walled_garden_2, layout_rooms, minmay_door_square

Skill      XL: |  1  2 |
---------------+-------+-----
Dodging        | 3 |  3.1
Fighting       | |  2.2
Throwing       | |  1.9
Armour         | |  0.6
Unarmed Combat | |  3.6

Action                   || total
-------------------------++-------
Melee: Unarmed           ||    17
       Short sword       ||    51
       Punch             ||     1
  Use: Scroll            ||     1
Armor: Leather armour    ||    21
Dodge: Dodged            ||    60
